 Dungeon Crawl Stone Soup version 0.20.1-1-g8b1a95d (console) character file.

66 rafael the Gusty (level 4, -2/27 HPs)
             Began as a Halfling Air Elementalist on July 7, 2017.
             Was a Follower of the Shining One.
             Slain by an adder (3 damage)
             ... on level 2 of the Dungeon.
             The game lasted 00:02:53 (757 turns).

rafael the Gusty (Halfling Air Elementalist)         Turns: 757, Time: 00:02:54

Health: -2/27      AC:  2    Str:  9    XL:     4   Next: 37%
Magic:  2/6        EV: 15    Int: 14    God:    the Shining One [*.....]
Gold:   31         SH:  0    Dex: 14    Spells: 5/6 levels left

rFire    . . .     SeeInvis .   g - +0 short sword
rCold    . . .     Gourm    .   (shield restricted)
rNeg     . . .     Faith    .   a - +0 robe
rPois    .         Spirit   .   (no helmet)
rElec    .         Reflect  .   (no cloak)
rCorr    .         Harm     .   (no gloves)
MR       +....                  (no boots)
Stlth    +.........             (no amulet)
Regen    0.1/turn               e - ring of protection from magic
MPRegen  0.1/turn               j - ring of loudness (curse)

@: lethally poisoned (-2 -> -5), glowing
A: mutation resistance 1
a: Renounce Religion


You were on level 2 of the Dungeon.
You worshipped the Shining One.
The Shining One was aware of your devotion.
You were not hungry.

You visited 1 branch of the dungeon, and saw 2 of its levels.

You collected 31 gold pieces.

Inventory:

Hand Weapons
 g - a +0 short sword (weapon)
Armour
 a - a +0 robe (worn)
Jewellery
 e - a ring of protection from magic (left hand)
 j - a cursed ring of loudness (right hand)
Potions
 d - a potion of curing {unknown}
 h - a potion of heal wounds {unknown}
 i - 2 potions of haste {unknown}
 l - 2 potions of resistance {unknown}
Books
 b - a book of Air

   Spells                             Type                      Level
   a - Shock                          Conjuration/Air              1
   b - Swiftness                      Charms/Air                   2
   c - Static Discharge               Conjuration/Air              3
   d - Airstrike                      Air                          4
   e - Lightning Bolt                 Conjuration/Air              5
Comestibles
 c - 2 bread rations
 f - a royal jelly
 k - 2 chunks of flesh


   Skills:
 + Level 3.0 Dodging
 + Level 2.9 Stealth
 - Level 1.5 Spellcasting
 - Level 0.7 Conjurations
 * Level 4.1 Air Magic


You had 5 spell levels left.
You knew the following spells:

 Your Spells              Type           Power        Failure   Level  Hunger
a - Shock                 Conj/Air       #...         9%          1    ##.....


Dungeon Overview and Level Annotations

Branches:
Dungeon (2/15)

Altars:
Ru
Zin
The Shining One


Innate Abilities, Weirdness & Mutations

You are small and have problems with some larger weapons.
You are somewhat resistant to further mutation.


Message History

* * * LOW HITPOINT WARNING * * *
You feel sick. The adder barely misses you. The rat barely misses you.
The adder completely misses you.
You hit the rat.
You kill the rat!
The adder bites you.
* * * LOW HITPOINT WARNING * * *
Casting: Shock
Confirm with . or Enter, or press ? or * to list all spells.
Aiming: Shock
Press: ? - help, Shift-Dir - straight line That beam is likely to hit you.
Continue anyway? [Y]es or [N]o only, please.
That beam is likely to hit you.
Continue anyway? [Y]es or [N]o only, please.
That beam is likely to hit you.
Continue anyway?
Okay, then.
* * * LOW HITPOINT WARNING * * *
You feel sick. The adder bites you but does no damage. The adder bites you.
You die...

#.#.##.#.##+# ...
.#.##....... .#.. . #
#.####.#.#.# #... . # #.#
##.##.. ... .# [.
###.#####.###.##.##.# .##
....................#...#
.#####.#####.#...[.......
#.####.###.S##......
#.#.....#..@.>......
#....###..#†##.[....
#.........#.# ....!
##...######.# .... ##.##
#.### ##. #.# #†..# #.#
#.#.# #.# #.#.# #.###
#.#.#


You could see an adder.

Vanquished Creatures
  2 adders (D:2)
  2 dart slugs (D:1)
  A leopard gecko (D:1)
  6 bats
  3 giant cockroaches
  3 goblins (D:1)
  4 hobgoblins (D:1)
  7 jackals (D:2)
  3 frilled lizards (D:1)
  4 kobolds (D:1)
  4 rats
39 creatures vanquished.

Notes
Turn   | Place    | Note
-------+----------+-------------------------------------------
     0 | D:1      | rafael the Halfling Air Elementalist began the quest for the Orb.
     0 | D:1      | Reached XP level 1. HP: 11/11 MP: 3/3
     5 | D:1      | let me go...
   250 | D:1      | Reached XP level 2. HP: 10/17 MP: 1/4
   416 | D:1      | Reached XP level 3. HP: 15/21 MP: 0/5
   578 | D:2      | Found a sacrificial altar of Ru.
   585 | D:2      | Found a faded altar of an unknown god.
   598 | D:2      | Found a glowing silver altar of Zin.
   600 | D:2      | Became a worshipper of the Shining One
   600 | D:2      | Reached * piety under the Shining One
   655 | D:2      | Reached skill level 4 in Air Magic
   655 | D:2      | Reached XP level 4. HP: 24/27 MP: 2/6
   757 | D:2      | HP: 1/27 [poisoned by an adder]
   757 | D:2      | Slain by an adder

Skill      XL: |  1  2  3  4 |
---------------+-------------+-----
Air Magic      | 4 |  4.1
Dodging        | 3 |  3.0
Stealth        | |  2.9
Spellcasting   | |  1.5
Conjurations   | |  0.7

Action                   |  1- 3 |  4- 6 || total
-------------------------+-------+-------++-------
Melee: Unarmed           |     3 |       ||     3
       Short sword       |    29 |    18 ||    47
 Cast: Shock             |    42 |     9 ||    51
  Eat: Chunk             |       |     1 ||     1
Armor: Robe              |    14 |     7 ||    21
Dodge: Dodged            |    80 |    24 ||   104
